 Dungeon Crawl Stone Soup version 0.17-a0-1435-geafbe2f (webtiles) character file.

3498 urechis the Cruncher (level 10, -9/59 (61) HPs)
             Began as a Tengu Gladiator on June 26, 2015.
             Was an Initiate of Trog.
             Mangled by Gastronok (22 damage)
             ... on level 10 of the Dungeon.
             The game lasted 00:14:36 (7177 turns).

urechis the Cruncher (Tengu Gladiator)              Turns: 7177, Time: 00:14:36

HP:   -9/59 (61)    AC: 16    Str: 16    XL:     10   Next: 7%
MP:   11/11         EV: 11    Int:  9    God:    Trog [......]
Gold: 426           SH:  0    Dex: 17    Spells: 0 memorised, 9 levels left

rFire  . . .     SeeInvis +     a - +0 quarterstaff
rCold  . . .     Clarity  .     w - +6 chain mail "Geden" {rPois rN+}
rNeg   + . .     SustAt   .     (no shield)
rPois  +         Gourm    .     (helmet restricted)
rElec  .         Spirit   .     (no cloak)
rCorr  .         Warding  .     (no gloves)
rMut   .         Stasis   .     (boots unavailable)
MR     .....                    (no amulet)
Stlth  ..........               (no ring)
                                l - ring of see invisible

@: not resistant to hostile enchantments, extremely unstealthy
A: beak, talons 3, able to fly 1
a: Fly, Burn Spellbooks, Renounce Religion


You were on level 10 of the Dungeon.
You worshipped Trog.
Trog was noncommittal.
You were hungry.

You visited 2 branches of the dungeon, and saw 10 of its levels.

You collected 426 gold pieces.

Inventory:

Hand weapons
 a - a +0 quarterstaff (weapon)
 b - a +0 blowgun
Missiles
 d - 4 throwing nets (quivered)
 s - 31 poisoned needles
Armour
 w - the +6 chain mail "Geden" (worn) {rPois rN+}
   (You found it on level 4 of the Dungeon)

   It protects you from poison.
   It protects you from negative energy.
Jewellery
 l - a ring of see invisible (left hand)
Magical devices
 u - a wand of polymorph (7)
 z - a wand of random effects (31)
 B - a wand of digging (12)
 F - a wand of digging (5)
Scrolls
 g - 3 scrolls of random uselessness {unknown}
 h - 2 scrolls of remove curse {unknown}
 i - 12 scrolls of identify {unknown}
 m - 4 scrolls of teleportation {unknown}
 n - 4 scrolls of amnesia {unknown}
 r - 4 scrolls of recharging {unknown}
 t - a scroll of enchant armour {unknown}
 y - a scroll of blinking {unknown}
 A - a scroll of immolation {unknown}
 E - a scroll of fog {unknown}
Potions
 c - a potion of degeneration {unknown}
 f - 2 potions of agility {unknown}
 k - 3 potions of lignification {unknown}
 o - a potion of heal wounds
 p - a potion of cancellation {unknown}
 q - a potion of flight {unknown}
 v - 4 potions of curing {unknown}
 C - 2 potions of poison {unknown}
Comestibles
 e - 8 bread rations
 j - 7 meat rations
 x - a royal jelly
 D - 4 fruits


   Skills:
 + Level 6.4 Fighting
 * Level 10.3 Staves
 - Level 2.1 Throwing
 + Level 6.3 Armour
 + Level 7.9 Dodging


You had 9 spell levels left.
You didn't know any spells.

Dungeon Overview and Level Annotations

Branches:
Dungeon (10/15)            Temple (1/1) D:7
   Lair: D:8-11         Orc: D:9-12

Altars:
Ashenzari
Cheibriados
Dithmenos
Elyvilon
Fedhas
Gozag
Kikubaaqudgha
Makhleb
Nemelex Xobeh
Okawaru
Qazlal
Ru
Sif Muna
Trog
Vehumet
Xom
Zin
The Shining One

Annotations:
D:10 Gastronok


Innate Abilities, Weirdness & Mutations

You have a beak for a mouth.
You have claws for feet.
You can fly.


Message History

Gastronok is lightly wounded.
You hit Gastronok but do no damage. Your peck misses Gastronok.
Gastronok is lightly wounded.
Gastronok bites you.
You hit Gastronok but do no damage. You claw Gastronok, but do no damage.
Gastronok is lightly wounded.
You sock Gastronok! You claw Gastronok, but do no damage.
Gastronok is lightly wounded.
You sock Gastronok! You claw Gastronok, but do no damage.
You peck Gastronok, but do no damage.
Gastronok is moderately wounded.
Gastronok waves his eye-stalks in wide circles.
The air twists around and strikes you!
* * * LOW HITPOINT WARNING * * *
You hit Gastronok but do no damage. You claw Gastronok, but do no damage.
Gastronok is moderately wounded.
You hit Gastronok. You claw Gastronok, but do no damage.
Gastronok is moderately wounded.
Gastronok bites you!!
You die...

#...............# #....
#...............###.)..
........................
........................
#...................
#...######..........
#...# #.......... #...#
#..........
####..@######..........
........w...............
........................
.............######..###
.............# #..#
.............# #..#
.............# #..#
.............# #..#
............# #..#


You could see Gastronok.

Vanquished Creatures
  The ghost of WhatIsLove the Cleaver, an experienced HOFi of the Shining One (D:7)
  A wraith (D:10)
  A deep elf fighter (D:6)
  A hungry ghost (D:10)
  A hippogriff (D:8)
  Duvessa (D:4)
  4 phantoms
  A wasp (D:10)
  An ice beast (D:6)
  A water moccasin (D:6)
  2 ogres (D:6)
  A crocodile (D:10)
  A centaur (D:5)
  A necrophage (D:10)
  Dowan (D:4)
  6 giant frogs
  A scorpion (D:6)
  2 crimson imps (D:5)
  2 hounds (D:7)
  A centaur skeleton (D:4)
  4 orc priests
  3 orc wizards
  An iguana (D:7)
  5 worker ants
  A hound zombie (D:5)
  8 gnolls
  5 adders
  A shadow imp (D:5)
  2 worms
  4 giant geckos
  22 orcs
  A ball python (D:2)
  7 bats
  2 bat zombies
  8 giant cockroaches
  12 goblins
  17 hobgoblins
  15 jackals
  A ball python zombie (D:1)
  A giant gecko skeleton (D:4)
  7 giant newts
  9 kobolds
  2 quokkas (D:7)
  10 rats
  A plant (D:1)
180 creatures vanquished.

Vanquished Creatures (others)
  A kobold (D:3)
1 creature vanquished.

Grand Total: 181 creatures vanquished

Notes
Turn   | Place    | Note
--------------------------------------------------------------
     0 | D:1      | urechis the Tengu Gladiator began the quest for the Orb.
     0 | D:1      | Reached XP level 1. HP: 12/12 MP: 2/2
    74 | D:1      | Reached XP level 2. HP: 12/17 MP: 3/3
   530 | D:1      | Reached skill level 4 in Dodging
   530 | D:1      | Reached XP level 3. HP: 7/21 MP: 4/4
  1544 | D:2      | Reached XP level 4. HP: 24/27 MP: 5/5
  1903 | D:3      | Found a stormy altar of Qazlal.
  1920 | D:3      | Reached skill level 1 in Armour
  1979 | D:3      | Found a shadowy altar of Dithmenos.
  1981 | D:3      | Found a sacrificial altar of Ru.
  2727 | D:4      | Gained mutation: You can fly. [Tengu growth]
  2727 | D:4      | Reached XP level 5. HP: 13/31 MP: 6/6
  2985 | D:4      | Reached skill level 5 in Staves
  2997 | D:4      | Reached XP level 6. HP: 23/36 MP: 7/7
  3078 | D:4      | Got a polished chain mail
  3089 | D:4      | Identified the +6 chain mail "Geden" {rPois rN+} (You found it on level 4 of the Dungeon)
  3097 | D:4      | Noticed Duvessa
  3107 | D:4      | Noticed Dowan
  3112 | D:4      | Killed Duvessa
  3112 | D:4      | Reached skill level 5 in Dodging
  3138 | D:4      | Killed Dowan
  3356 | D:4      | Reached skill level 6 in Staves
  3356 | D:4      | Reached XP level 7. HP: 18/41 MP: 8/8
  3838 | D:5      | Entered Level 5 of the Dungeon
  4115 | D:5      | Found a blossoming altar of Fedhas.
  4116 | D:5      | Found an ancient bone altar of Kikubaaqudgha.
  4574 | D:5      | Reached skill level 7 in Staves
  4574 | D:5      | Reached XP level 8. HP: 46/48 MP: 9/9
  5216 | D:6      | Reached skill level 8 in Staves
  5362 | D:6      | Reached skill level 5 in Fighting
  5493 | D:6      | Reached XP level 9. HP: 40/54 MP: 10/10
  5550 | D:7      | Noticed WhatIsLove's ghost (experienced HOFi)
  5569 | D:7      | Killed WhatIsLove's ghost
  5569 | D:7      | Reached skill level 9 in Staves
  5569 | D:7      | Reached skill level 5 in Armour
  6001 | D:7      | Found a radiant altar of Vehumet.
  6149 | D:7      | Found a burning altar of Makhleb.
  6229 | D:7      | Found a staircase to the Ecumenical Temple.
  6253 | Temple   | Entered the Ecumenical Temple
  6266 | Temple   | Became a worshipper of Trog the Wrathful
  6614 | D:8      | You fall through a shaft for 2 floors!
  6614 | D:10     | Entered Level 10 of the Dungeon
  6781 | D:10     | Reached skill level 10 in Staves
  6969 | D:10     | Reached XP level 10. HP: 50/61 MP: 11/11
  6973 | D:10     | Noticed Gastronok
  7177 | D:10     | Mangled by Gastronok

Vault maps used:
D:1:      saegor_arrival_fortress, serial_bayou, serial_bayou_pond_b,
          serial_bayou_pond_b, serial_bayou_lagoon_a, serial_bayou_shore_b
D:3:      minitemple, first_bread, grunt_qazlal_clouds
D:4:      hangedman_decor_push, uniq_duvessa
D:5:      grunt_temple_overflow_growth_and_decay
D:6:      guppyfry_early_elven_hall
D:7:      fiery_altar_vehumet, old_standard_altar, minmay_temple_entry_crystal_x
D:8:      yredelemnul_altar_generic, serial_shops, shop, minivault_27,
          hangedman_pestilent_swarm
D:10:     serial_shops, shop, nicolae_shop_overgrown_old_shop,
          nicolae_shop_trees, uniq_gastronok
Temple:   temple_eino_lava_12

Action                   |  1- 3 |  4- 6 |  7- 9 | 10-12 || total
-------------------------+-------+-------+-------+-------++-------
Melee: Quarterstaff      |   144 |   152 |   398 |    33 ||   727
 Fire: Blowgun           |       |       |     1 |       ||     1
 Abil: Fly               |       |       |       |     3 ||     3
  Use: Potion            |     1 |       |       |       ||     1
  Eat: Beef jerky        |     1 |       |       |       ||     1
       Chunk             |       |     5 |    12 |       ||    17
       Royal jelly       |       |     1 |       |       ||     1
